 Dungeon Crawl Stone Soup version 0.18-a0-1312-gf98331d (webtiles) character file.

79 Reinor the Sneak (level 4, -1/23 HPs)
             Began as a Spriggan Abyssal Knight on Feb 14, 2016.
             Was a Believer of Lugonu.
             Slain by a sky beast (3 damage)
             ... on level 2 of the Dungeon.
             The game lasted 00:04:06 (2202 turns).

Reinor the Sneak (Spriggan Abyssal Knight)          Turns: 2202, Time: 00:04:06

Health: -1/23      AC:  2    Str:  8    XL:     4   Next: 16%
Magic:  6/6        EV: 18    Int: 14    God:    Lugonu [**....]
Gold:   95         SH:  0    Dex: 15    Spells: 0 memorised, 3 levels left

rFire  . . .     SeeInvis +     a - +1 short sword
rCold  . . .     Gourm    .     b - +0 robe
rNeg   . . .     Faith    .     (shield restricted)
rPois  .         Spirit   .     (helmet restricted)
rElec  .         Dismiss  .     (no cloak)
rCorr  .         Reflect  .     (gloves unavailable)
SustAt .         Harm     .     (boots unavailable)
MR     .....                    (no amulet)
Stlth  +++.......               (no ring)
                                (no ring)

@: flying, very quick, not resistant to hostile enchantments, fairly stealthy
A: unfitting armour, see invisible, herbivore 3, speed 3, slow metabolism 2
a: Depart the Abyss, Bend Space, Renounce Religion


You were on level 2 of the Dungeon.
You worshipped Lugonu.
Lugonu was pleased with you.
You were not hungry.

You visited 1 branch of the dungeon, and saw 2 of its levels.
You visited the Abyss 1 time.

You collected 95 gold pieces.

Inventory:

Hand Weapons
 a - a +1 short sword (weapon)
Missiles
 k - 13 poisoned needles
Armour
 b - a +0 robe (worn)
Scrolls
 f - 3 scrolls of teleportation {unknown}
 g - 5 scrolls of magic mapping {unknown}
 h - a scroll of immolation {unknown}
 j - 4 scrolls of noise {unknown}
 m - a scroll of amnesia {unknown}
 n - a scroll of identify {unknown}
Potions
 e - 2 potions of curing
Comestibles
 c - 2 bread rations
 i - a royal jelly
 l - 3 fruits


   Skills:
 - Level 2.4 Fighting
 + Level 3.8 Short Blades
 - Level 3.5 Dodging
 + Level 4.1 Stealth
 - Level 1.7 Invocations


You had 3 spell levels left.
You didn't know any spells.

Dungeon Overview and Level Annotations

Branches:
Dungeon (2/15)

Altars:
Yredelemnul


Innate Abilities, Weirdness & Mutations

You are tiny and cannot use many weapons and most armour.
You have supernaturally acute eyesight.
You are an herbivore.
You cover ground extremely quickly.
You need consume almost no food.


Message History

You hit the sky beast but do no damage.
The sky beast is heavily wounded.
The sky beast closely misses you.
You hit the sky beast but do no damage.
The sky beast is heavily wounded.
The sky beast hits you. The sky beast shocks you.
You hit the sky beast.
The sky beast is heavily wounded.
The sky beast hits you. The sky beast shocks you.
* * * LOW HITPOINT WARNING * * *
You hit the sky beast.
The sky beast is severely wounded.
The sky beast closely misses you.
You hit the sky beast but do no damage.
The sky beast is severely wounded.
The sky beast closely misses you.
You closely miss the sky beast.
The sky beast is severely wounded.
The sky beast hits you.
You die...

#.##...........(....#
#.##............P.P.##
#>##............._...#
####............P.P..#
##................#
##..........#.....#
#....#.≈....#..####
#....#Y####.#.##
#....#@# #.#.#
#....#.# #.#.#
.#######....#.# #.#.#
......).....#.# #.#.#
###.........#.####.#.#
#...........#....#.#
#.........#.#.####.#
#.....#.#.#.#.####.#
....(..+.#.#.......†#


You could see a sky beast (invisible).

Vanquished Creatures
  An adder (D:2)
  A gnoll (D:1)
  An ooze (D:2)
  3 worms (D:2)
  2 giant geckos (D:1)
  2 giant cockroaches (D:2)
  8 goblins
  4 hobgoblins
  7 jackals
  2 ball pythons (D:2)
  2 bats (D:1)
  A giant newt (D:2)
  4 kobolds (D:1)
  6 rats
44 creatures vanquished.

Notes
Turn   | Place    | Note
--------------------------------------------------------------
     0 | Abyss:1  | Reinor the Spriggan Abyssal Knight began the quest for the Orb.
     0 | Abyss:1  | Reached XP level 1. HP: 11/11 MP: 3/3
    35 | Abyss:1  | Noticed a large abomination
    38 | Abyss:1  | Noticed a raiju
    43 | D:1      | Escaped the Abyss
   203 | D:1      | Reached skill level 1 in Stealth
   252 | D:1      | Reached * piety under Lugonu
   348 | D:1      | Reached XP level 2. HP: 14/16 MP: 4/4
   939 | D:1      | Reached XP level 3. HP: 19/19 MP: 5/5
  1294 | D:2      | Found a basalt altar of Yredelemnul.
  1566 | D:2      | Reached ** piety under Lugonu
  1770 | D:2      | Reached skill level 4 in Stealth
  1770 | D:2      | Reached XP level 4. HP: 16/23 MP: 6/6
  2154 | D:2      | Noticed a sky beast
  2199 | D:2      | HP: 1/23 [sky beast (6)]
  2202 | D:2      | Slain by a sky beast

Vault maps used:
D:1:      dpeg_arrival_renting, minmay_parallelograms, minmay_door_square,
          serial_bayou_lagoon_b
D:2:      mumra_celtic_spiral_tile, lemuel_round_altar, minmay_misc_feat_rugged,
          yredelemnul_altar_generic

Action                   |  1- 3 |  4- 6 || total
-------------------------+-------+-------++-------
Melee: Short sword       |   151 |    48 ||   199
Invok: Depart the Abyss  |     1 |       ||     1
  Use: Potion            |       |     2 ||     2
 Stab: Sleeping          |     5 |       ||     5
       Distracted        |     1 |       ||     1
